 Dungeon Crawl Stone Soup version 0.26-a0-663-g36e8fdb655 (webtiles) character file.

Game seed: 5207426803630690497

466 tacoguy the Skirmisher (level 6, -2/56 HPs)
             Began as a Minotaur Fighter on Oct 11, 2020.
             Slain by an ooze (4 damage)
             ... on level 4 of the Dungeon.
             The game lasted 00:09:21 (3698 turns).

tacoguy the Skirmisher (Minotaur Fighter)           Turns: 3698, Time: 00:09:21

Health: -2/56      AC: -1    Str: 23    XL:     6   Next: 81%
Magic:  5/5        EV:  9    Int:  7    God:
Gold:   288        SH: 10    Dex:  9    Spells: 5/5 levels left

rFire    . . .     SeeInvis .   r - +2 dagger (venom)
rCold    . . .     Faith    .   c - +0 kite shield
rNeg     . . .     Spirit   .   b - +0 scale mail
rPois    .         Reflect  .   (helmet unavailable)
rElec    .         Harm     .   (no cloak)
rCorr    .         Rampage  .   p - +2 pair of gloves
MR       .....     Rnd*Tele +   (no boots)
Stlth    ..........             (no amulet)
HPRegen  0.00/turn              j - ring of teleportation (curse)
MPRegen  0.09/turn              o - +4 ring of slaying

@: mighty, corroded
A: retaliatory headbutt, horns 3, clever 1, inhibited regeneration
a: no special abilities


You were on level 4 of the Dungeon.
You visited 1 branch of the dungeon, and saw 4 of its levels.

You collected 288 gold pieces.

Inventory:

Hand Weapons
 r - a +2 dagger of venom (weapon)
Armour
 b - a +0 scale mail (worn)
 c - a +0 kite shield (worn)
 p - a +2 pair of gloves (worn)
Jewellery
 f - an uncursed ring of flight {unknown}
 h - an uncursed ring of resist corrosion
 j - a cursed ring of teleportation (left hand)
 n - a +6 ring of intelligence
 o - a +4 ring of slaying (right hand)
 t - an uncursed ring of protection from fire
 w - an uncursed ring of flight {unknown}
Wands
 v - a wand of paralysis (4)
 x - a wand of iceblast (4)
Scrolls
 e - a scroll of magic mapping {unknown}
 g - 2 scrolls of noise
 l - a scroll of identify
Potions
 a - a potion of lignification {unknown}
 d - 3 potions of might
 i - a potion of degeneration {unknown}
 m - a potion of invisibility {unknown}
 q - a potion of stabbing {unknown}
 s - 2 potions of flight {unknown}


   Skills:
 + Level 5.5 Fighting
 + Level 4.0 Short Blades
 + Level 5.3 Armour
 + Level 2.9 Dodging
 + Level 5.1 Shields


You had 5 spell levels left.
You didn't know any spells.
Your spell library was empty.

Dungeon Overview and Level Annotations

Branches:
Dungeon (4/15)
 Temple: D:4-7

Altars:


Innate Abilities, Weirdness & Mutations

You reflexively headbutt those who attack you in melee.
You have a pair of large horns on your head.
Your mind is acute. (Int +2)
You do not regenerate when monsters are visible.


Message History

You hit the ooze.
The ooze is lightly wounded.
The ooze closely misses you. You furiously retaliate!
You headbutt the ooze. The ooze hits you. The jelly hits you.
You are splashed with acid!
* * * LOW HITPOINT WARNING * * *
You feel better. You block the ooze's attack. The ooze hits you. x2
The jelly hits you.
You are splashed with acid!
* * * LOW HITPOINT WARNING * * *
You hit the jelly.
Your hands burn!
* * * LOW HITPOINT WARNING * * *
You headbutt the jelly.
The jelly is severely wounded.
The ooze hits you.
* * * LOW HITPOINT WARNING * * *
You block the ooze's attack. x2
You hit the jelly.
Your hands burn!
* * * LOW HITPOINT WARNING * * *
The jelly is almost dead.
You block the jelly's attack. The ooze hits you.
You die...

# ######## .
#...JJ@########## #
#.P..JJJ##......##### #
#.....J#.#.......##(# #
#P.....#.#......)(((###
#÷÷....#.#..[....)'..##
#.P....#†#'#......'....
#.÷....#.#.#.....##.###
#PP....#.#.#....#####
#$÷....##.#######


You could see a jelly and 5 oozes.

Vanquished Creatures
  An ogre (D:4)
  2 jellies (D:4)
  Jessica (D:2)
  2 worker ants (D:4)
  Natasha (thrice) (D:2)
  3 gnolls (D:4)
  An adder (D:4)
  4 oozes (D:4)
  2 worms (D:3)
  A dart slug (D:1)
  3 leopard geckos
  11 orcs
  7 bats
  7 giant cockroaches
  5 goblins
  6 hobgoblins
  6 jackals
  A quokka (D:2)
  2 ball pythons (D:3)
  7 frilled lizards
  20 kobolds
  A leopard gecko skeleton (D:4)
  7 rats
103 creatures vanquished.

Vanquished Creatures (others)
  5 fungi (D:4)
  4 plants (D:1)
  8 toadstools (D:4)
17 creatures vanquished.

Grand Total: 120 creatures vanquished

Notes
Turn   | Place    | Note
-------+----------+-------------------------------------------
     0 | D:1      | tacoguy the Minotaur Fighter began the quest for the Orb.
     0 | D:1      | Reached XP level 1. HP: 19/19 MP: 0/0
   236 | D:1      | Reached XP level 2. HP: 27/27 MP: 1/1
  1012 | D:2      | Reached XP level 3. HP: 32/33 MP: 2/2
  1046 | D:2      | Noticed Jessica
  1049 | D:2      | Killed Jessica
  1049 | D:2      | Reached skill level 1 in Dodging
  1337 | D:2      | Reached XP level 4. HP: 33/41 MP: 3/3
  1486 | D:2      | Noticed Natasha
  1498 | D:2      | Killed Natasha
  1962 | D:2      | Noticed Natasha
  1969 | D:2      | Killed Natasha
  2225 | D:2      | Noticed Natasha
  2234 | D:2      | Killed Natasha
  2234 | D:2      | Reached XP level 5. HP: 36/47 MP: 4/4
  2312 | D:3      | Found a faded altar of an unknown god.
  3472 | D:4      | Gained mutation: You have a pair of large horns on your
                  | head. [potion of mutation]
  3472 | D:4      | Gained mutation: You do not regenerate when monsters are
                  | visible. [potion of mutation]
  3472 | D:4      | Gained mutation: Your mind is acute. (Int +2) [potion of
                  | mutation]
  3506 | D:4      | Reached skill level 5 in Fighting
  3527 | D:4      | Noticed an ogre
  3540 | D:4      | Killed an ogre
  3540 | D:4      | Reached skill level 5 in Armour
  3540 | D:4      | Reached XP level 6. HP: 48/56 MP: 5/5
  3576 | D:4      | Reached skill level 5 in Shields
  3698 | D:4      | HP: 2/56 [acid (2)]
  3698 | D:4      | Slain by an ooze

Illustrated notes

Levels and vault maps discovered:
D:1:      minmay_arrival_loop, layout_loops_corners, serial_forest,
          infiniplex_forest_straight_4, infiniplex_forest_clump_medium,
          infiniplex_forest_straight_1, infiniplex_forest_zigzag_1,
          infiniplex_forest_zigzag_2, infiniplex_forest_lined_room_3,
          infiniplex_forest_clump_small, infiniplex_forest_split,
          minmay_pentomino_r2
D:2:      layout_basic, uniq_jessica, uniq_natasha
D:3:      layout_basic, chequers_ecumenical_altar_simple
D:4:      cheibrodos_fertilizer, layout_basic, grunt_ministairs_14

Skill      XL: |  1  2  3  4  5  6 |
---------------+-------------------+-----
Fighting       | 4 5 |  5.5
Armour         | 4 5 |  5.3
Dodging        | 1 2 |  2.9
Shields        | 4 5 |  5.1
Short Blades   | 3 4 |  4.0

Action                   |  1- 3 |  4- 6 || total
-------------------------+-------+-------++-------
Melee: Rapier            |    70 |   138 ||   208
       Headbutt          |     4 |    31 ||    35
       Dagger            |       |    30 ||    30
  Use: Scroll            |       |     7 ||     7
       Potion            |       |     5 ||     5
Armor: Scale mail        |    40 |    63 ||   103
Dodge: Dodged            |    30 |    62 ||    92
Block: Kite shield       |    40 |    72 ||   112

Table legend: (Time is in decaauts)
 A = Elapsed time spent in this place.
 B = Non-inter-level travel time spent in this place.
 C = Inter-level travel time spent in this place.
 D = Time resting spent in this place.
 E = Time spent auto-exploring this place.
 F = Levels seen in this place.
 G = Mean time per level.
                   A        B        C        D        E       F      G
               +--------+--------+--------+--------+--------+-----+--------+
         Total |   3732 |   3362 |    370 |    455 |   2273 |   4 |  933.0 |
       Dungeon |   3732 |   3362 |    370 |    455 |   2273 |   4 |  933.0 |
               +--------+--------+--------+--------+--------+-----+--------+

Top non-repeatable levels by time:
     D:2: 1337 daAuts
     D:3: 1025 daAuts
     D:1: 1003 daAuts
     D:4: 365 daAuts
